 Dungeon Crawl Stone Soup version 0.23.1 (webtiles) character file.

Game seed: 8611988973591411098

108 Revguard the Slasher (level 4, -4/41 HPs)
             Began as a Draconian Gladiator on Mar 3, 2019.
             Was a Follower of Sif Muna.
             Slain by Grinder (9 damage)
             ... while paralysed by Grinder
             ... on level 3 of the Dungeon.
             The game lasted 00:07:56 (1562 turns).

Revguard the Slasher (Draconian Gladiator)          Turns: 1562, Time: 00:07:56

Health: -4/41      AC:  7    Str: 16    XL:     4   Next: 58%
Magic:  4/4        EV:  2    Int:  8    God:    Sif Muna [*.....]
Gold:   96         SH:  0    Dex: 16    Spells: 3/3 levels left

rFire    . . .     SeeInvis .   a - +0 long sword
rCold    . . .     Gourm    .   (no shield)
rNeg     . . .     Faith    .   (armour unavailable)
rPois    .         Spirit   .   b - +0 hat
rElec    .         Reflect  .   k - +0 cloak
rCorr    .         Harm     .   (no gloves)
MR       .....                  j - +0 pair of boots (curse)
Stlth    +.........             (no amulet)
HPRegen  0.13/turn              (no ring)
MPRegen  0.09/turn              (no ring)

@: paralysed
A: unfitting armour, agile 1, high mp 1, robust 1, cold-blooded, AC +5
a: Divine Energy, Renounce Religion


You were on level 3 of the Dungeon.
You worshipped Sif Muna.
Sif Muna was aware of your devotion.
You were not hungry.

You visited 1 branch of the dungeon, and saw 3 of its levels.

You collected 96 gold pieces.

Inventory:

Hand Weapons
 a - a +0 long sword (weapon)
Missiles
 c - 3 throwing nets (quivered)
Armour
 b - a +0 hat (worn)
 j - a cursed +0 pair of boots (worn)
 k - a +0 cloak (worn)
Wands
 o - a wand of digging (7)
Scrolls
 e - 4 scrolls of immolation {unknown}
 f - a scroll of fear {unknown}
 h - 3 scrolls of identify {unknown}
 m - 2 scrolls of enchant armour {unknown}
 n - a scroll of blinking {unknown}
 q - a scroll of teleportation {unknown}
 s - a scroll of fog {unknown}
Potions
 g - a potion of magic
 p - a potion of mutation
 r - a potion of lignification {unknown}
Comestibles
 d - 5 rations


   Skills:
 + Level 3.0 Fighting
 + Level 4.3 Long Blades
 - Level 1.7 Throwing
 + Level 3.5 Dodging


You had 3 spell levels left.
You didn't know any spells.
Your spell library was empty.

Dungeon Overview and Level Annotations

Branches:
Dungeon (3/15)

Altars:
Sif Muna

Annotations:
D:3 Grinder


Innate Abilities, Weirdness & Mutations

Your plain brown scales are hard. (AC +5)
You cannot fit into any form of body armour.
You are cold-blooded and may be slowed by cold attacks.
You are agile. (Dex +2)
You have an increased reservoir of magic. (+10% MP)
You are robust. (+10% HP)


Message History

You writhe in agony.
* * * LOW HITPOINT WARNING * * *
It was a potion of magic.
Magic courses through your body. Grinder hits you but does no damage.
It was a potion of might.
You feel very mighty all of a sudden. Grinder barely misses you.
It was a potion of cancellation.
Your magical effects are unravelling.
You feel magically purged.
You feel a little less mighty now. Grinder hits you but does no damage.
It was a potion of mutation.
You feel extremely strange.
You feel robust.
You feel agile.
You feel more energetic. Grinder gestures at you.
You suddenly lose the ability to move!
Grinder gestures at you. You resist with significant effort. Grinder hits you!
You die...

#.# #.# #.# #.#
## ### #÷# .. ..#
#)# .# ##$#######
#.# .# #........
###.###.#
####..###.##
........#
#....5@†...#
###.##..#
#.##..###.......
#.##..# #.##..#
####### #.....#
#.##..# ####.##
#.##..# #.#
#.##..# #.#
#.##..#
######.####.##...
.....†......#


You could see Grinder.

Vanquished Creatures
  Ijyb (D:3)
  4 adders (D:2)
  A worm (D:3)
  2 dart slugs
  3 leopard geckos
  5 bats
  2 giant cockroaches
  A hobgoblin (D:2)
  2 jackals (D:3)
  6 kobolds
  A frilled lizard (D:2)
  6 goblins
  6 rats
40 creatures vanquished.

Notes
Turn   | Place    | Note
-------+----------+-------------------------------------------
     0 | D:1      | Revguard the Draconian Gladiator began the quest for the
                  | Orb.
     0 | D:1      | Reached XP level 1. HP: 17/17 MP: 1/1
   222 | D:1      | Reached XP level 2. HP: 25/25 MP: 2/2
   641 | D:2      | Found a deep blue altar of Sif Muna.
   688 | D:2      | Reached XP level 3. HP: 23/30 MP: 3/3
   869 | D:2      | Found a faded altar of an unknown god.
   880 | D:2      | Became a worshipper of Sif Muna the Loreminder
   880 | D:2      | Reached * piety under Sif Muna
  1024 | D:2      | Reached skill level 4 in Long Blades
  1270 | D:3      | Reached XP level 4. HP: 37/37 MP: 4/4
  1281 | D:3      | Noticed Ijyb
  1296 | D:3      | Killed Ijyb
  1538 | D:3      | Noticed Grinder
  1560 | D:3      | Gained mutation: You are robust. (+10% HP) [potion of
                  | mutation]
  1560 | D:3      | Gained mutation: You are agile. (Dex +2) [potion of
                  | mutation]
  1560 | D:3      | Gained mutation: You have an increased reservoir of magic.
                  | (+10% MP) [potion of mutation]
  1560 | D:3      | Paralysed by Grinder for 6 turns
  1562 | D:3      | Slain by Grinder

Skill      XL: |  1  2  3  4 |
---------------+-------------+-----
Dodging        | 3 |  3.5
Long Blades    | 4 |  4.3
Fighting       | 3 |  3.0
Throwing       | |  1.7

Action                   |  1- 3 |  4- 6 || total
-------------------------+-------+-------++-------
Melee: Long sword        |    72 |    43 ||   115
       Tailslap          |     8 |     7 ||    15
  Use: Potion            |       |     4 ||     4
 Stab: Sleeping          |     2 |       ||     2
  Eat: Chunk             |       |     2 ||     2
Armor: Skin              |    28 |    17 ||    45
Dodge: Dodged            |    63 |    40 ||   103
       Rpst.: Long sword |    16 |    12 ||    28
